[Event "Team 45 45 League T50"]
[Site "Internet Chess Club"]
[Date "2011.08.20"]
[Round "2"]
[White "Duguesclin"]
[Black "eurander"]
[Result "0-1"]
[WhiteElo "1686"]
[BlackElo "2144"]
[Opening "QGD Slav defense"]
[ECO "D10"]
[Time "05:00:24"]
[TimeControl "2700+45"]

1. d4 d5 2. c4 c6 3. Nc3 Nf6 4. Bf4 Bf5 5. e3 e6 6. c5 Nbd7 7. Nf3 Ne4 8. Nxe4
Bxe4 9. Be2 Qa5+ 10. Qd2 Qxd2+ 11. Nxd2 Bxg2 12. Rg1 Bh3 13. Nf3 a5 14. a3 f6
15. Rg3 Bf5 16. Bc7 h6 17. Nh4 Bh7 18. Bh5+ Ke7 19. Ng6+ Bxg6 20. Bxg6 f5 21.
O-O-O Kf6 22. Bh5 g5 23. f4 Be7 24. Rdg1 Rhg8 25. Bd1 Bd8 26. fxg5+ hxg5 27. Bf4
g4 28. h3 e5 29. dxe5+ Nxe5 30. Kc2 Be7 31. hxg4 fxg4 32. Bxg4 Nxg4 33. Rxg4
Rxg4 34. Rxg4 Bxc5 35. Rh4 Kf5 36. Rh7 Ke4 37. Rxb7 Bxe3 38. Bd6 d4 39. Re7+ Kd5
40. Bg3 c5 41. Re5+ Kc6 42. Kd3 Rg8 43. Be1 Rg2 44. b3 a4 45. b4 Rg5 46. Re6+
Kd5 47. Ra6 c4+ 48. Ke2 Ke4 49. Re6+ Re5 50. Rg6 c3 {White forfeits on time} 0-1

[Event "Team 45 45 League T50"]
[Site "Internet Chess Club"]
[Date "2011.08.17"]
[Round "2"]
[White "kidviper"]
[Black "zap2"]
[Result "1-0"]
[WhiteElo "1920"]
[BlackElo "1727"]
[Opening "Queen's Indian: Nimzovich variation (exaggerated fianchetto)"]
[ECO "E15"]
[Time "15:00:53"]
[TimeControl "2700+45"]

1. d4 Nf6 2. c4 e6 3. Nf3 b6 4. g3 Ba6 5. Qc2 Bb7 6. Bg2 c5 7. dxc5 Bxc5 8. O-O
O-O 9. Nc3 Nc6 10. a3 Nd4 11. Nxd4 Bxg2 12. Nxe6 fxe6 13. Kxg2 Ng4 14. Ne4 Bxf2
15. Nxf2 Qf6 16. Bf4 Qxf4 17. gxf4 Ne3+ 18. Kf3 Nxc2 19. Rad1 e5 20. e3 exf4 21.
exf4 g5 22. Nh3 g4+ 23. Kxg4 Ne3+ 24. Kf3 Nxf1 25. Rxf1 Rac8 26. Rd1 Rf7 27. Ng5
Re7 28. Rd4 a5 29. f5 Rc5 30. f6 Rf5+ 31. Rf4 Rxf4+ 32. Kxf4 Re1 33. b4 h6 34.
Ne4 Kf7 35. Kf5 Rh1 36. c5 bxc5 37. b5 Rxh2 38. b6 Rb2 39. b7 d5 40. Nxc5 d4 41.
Ke4 Kxf6 42. Nd7+ Ke6 43. b8=Q Rxb8 44. Nxb8 d3 45. Kxd3 Kd5 46. Nd7 Kc6 47. Nf6
Kb5 48. Kc3 Ka4 49. Kb2 Kb5 50. Kb3 a4+ 51. Kc3 Kc5 52. Nh5 Kb5 53. Kd4 Kb6 54.
Kc4 Ka5 55. Kc5 Ka6 56. Kb4 Kb6 57. Kxa4 Ka6 58. Kb4 Kb6 59. a4 Ka6 60. a5 Ka7
61. Kb5 Kb7 62. a6+ Ka7 63. Ka5 Ka8 64. Kb6 Kb8 65. Nf6 Ka8 66. a7 h5 67. Ne8 h4
68. Nc7# {Black checkmated} 1-0

[Event "Team 45 45 League T50"]
[Site "Internet Chess Club"]
[Date "2011.08.21"]
[Round "2"]
[White "Ayensa80"]
[Black "Timotheous"]
[Result "1-0"]
[WhiteElo "1741"]
[BlackElo "1662"]
[Opening "Sicilian: Alapin's variation (2.c3)"]
[ECO "B22"]
[Time "16:00:33"]
[TimeControl "2700+45"]

1. e4 c5 2. c3 g6 3. d4 cxd4 4. cxd4 d5 5. e5 Nc6 6. Nf3 Nh6 7. Bb5 Bg7 8. O-O
O-O 9. Bg5 f6 10. exf6 Bxf6 11. Bxh6 Rf7 12. Bxc6 bxc6 13. Ne5 {Black resigns}
1-0

[Event "Team 45 45 League T50"]
[Site "Internet Chess Club"]
[Date "2011.08.18"]
[Round "2"]
[White "kidcobra"]
[Black "Konstantinos"]
[Result "1/2-1/2"]
[WhiteElo "1653"]
[BlackElo "1723"]
[Opening "Ruy Lopez: old Steinitz defense"]
[ECO "C62"]
[Time "15:01:26"]
[TimeControl "2700+45"]

1. e4 e5 2. Nf3 Nc6 3. Bb5 d6 4. O-O Bd7 5. Re1 Be7 6. c3 Nf6 7. d4 exd4 8. cxd4
a6 9. Ba4 O-O 10. Nc3 Na5 11. Bxd7 Qxd7 12. e5 dxe5 13. Nxe5 Qd8 14. Ne4 Nxe4
15. Rxe4 f6 16. Nf3 Kh8 17. Re1 Bb4 18. Bd2 Bxd2 19. Qxd2 Nc4 20. Qc3 Nd6 21. a4
Qd7 22. Rec1 Rac8 23. Re1 Rfe8 24. b3 Qf7 25. Rxe8+ Rxe8 26. Re1 Rxe1+ 27. Nxe1
Qe7 28. Qe3 Qxe3 29. fxe3 Ne4 30. Nf3 Kg8 31. Kf1 Kf7 32. Ke2 Ke6 33. Kd3 Kd5
34. Nh4 g6 35. Nf3 a5 36. Ne1 Nf2+ 37. Ke2 Ne4 38. Kd3 c6 39. Nc2 Nf2+ 40. Ke2
Ne4 41. Kd3 Nf2+ 42. Ke2 Ne4 43. Kd3 {Game drawn by repetition} 1/2-1/2

[Event "Team 45 45 League T50"]
[Site "Internet Chess Club"]
[Date "2011.08.26"]
[Round "2"]
[White "Magagna"]
[Black "loserloser"]
[Result "1-0"]
[WhiteElo "1884"]
[BlackElo "1789"]
[Opening "King's Indian: Four pawns attack, 6.Be2"]
[ECO "E77"]
[Time "12:37:35"]
[TimeControl "2700+45"]

1. d4 Nf6 2. c4 g6 3. Nc3 d6 4. e4 Bg7 5. Be2 O-O 6. f4 Nbd7 7. Nf3 c5 8. d5 Rb8
9. O-O a6 10. a4 Nb6 11. h3 e6 12. Qc2 exd5 13. cxd5 Re8 14. g4 Qe7 15. a5 Na8
16. e5 Nd7 17. e6 fxe6 18. Bc4 e5 19. Bd2 e4 20. Rae1 Nf6 21. Ng5 b5 22. axb6
Nxb6 23. Ncxe4 Nxc4 24. Nxf6+ Bxf6 25. Rxe7 Rxe7 26. Qxc4 Rxb2 27. Bc3 Bxc3 28.
Qxc3 Ree2 29. Nf3 h5 30. Rd1 hxg4 31. Nd2 gxh3 32. Qxb2 Bg4 33. Qb8+ Kh7 34.
Qc7+ Kh6 35. Qd8 Kg7 36. Rb1 {Black resigns} 1-0

[Event "Team 45 45 League T50"]
[Site "Internet Chess Club"]
[Date "2011.08.23"]
[Round "2"]
[White "CheeryCherry"]
[Black "Killian"]
[Result "0-1"]
[WhiteElo "1496"]
[BlackElo "1835"]
[Opening "Nimzovich-Larsen attack: Indian variation"]
[ECO "A01"]
[Time "15:30:37"]
[TimeControl "2700+45"]

1. b3 Nf6 2. Bb2 d5 3. e3 Bf5 4. f4 e6 5. Nf3 c5 6. Bb5+ Nfd7 7. h3 a6 8. Bxd7+
Nxd7 9. d3 Nf6 10. Ne5 d4 11. e4 Bg6 12. Nd2 Be7 13. Qe2 Nh5 14. Qf3 Bh4+ 15.
Kd1 Ng3 16. Nxg6 hxg6 17. Rg1 Rc8 18. Nc4 b5 19. Ne5 Qf6 20. Ng4 Qe7 21. Kd2 Qc7
22. c4 bxc4 23. dxc4 O-O 24. Nf2 g5 25. e5 gxf4 26. Qxf4 Qd8 27. Ne4 Nxe4+ 28.
Qxe4 Qg5+ 29. Kc2 Bg3 30. Rae1 Bxe1 31. Rxe1 Rfd8 32. Bc1 Qg3 33. Rd1 Qc3+ 34.
Kb1 d3 35. Rd2 a5 36. Qe3 a4 37. Bb2 Qb4 38. Rxd3 Rxd3 39. Qxd3 axb3 40. axb3
Qe1+ 41. Kc2 Qf2+ 42. Qd2 Qf5+ 43. Qd3 Qg5 44. g4 Rd8 45. Qe2 Qg6+ 46. Kc3 Qh6
47. Ba3 Qxh3+ 48. Kb2 Rd4 49. Bxc5 Rxg4 50. Ka3 Rg3 51. Qd1 Rd3 52. Qc2 Rc3 53.
Qd1 Rxc4 54. Qd8+ Kh7 55. Bf8 Qc3 56. Qd1 Rc8 57. Qh1+ Kg8 58. Bd6 Rc6 59. Qf1
Qa5+ 60. Kb2 Qd2+ 61. Ka3 Rc1 62. Qxc1 Qxc1+ 63. Ka4 Qc6+ 64. Ka5 Qb7 65. b4 g5
66. b5 g4 67. b6 g3 68. Bc5 g2 69. Kb5 Qd5 70. Ka6 Qxc5 71. b7 Qa3+ 72. Kb6
g1=Q+ 73. Kc7 Qgc5+ 74. Kd7 Qa4+ 75. Kd8 Qd5+ 76. Ke7 Qxb7+ {White resigns} 0-1

[Event "Team 45 45 League T50"]
[Site "Internet Chess Club"]
[Date "2011.08.18"]
[Round "2"]
[White "SimplyClaudia"]
[Black "Muravey"]
[Result "1-0"]
[WhiteElo "1776"]
[BlackElo "1628"]
[Opening "Nimzo-Indian: classical variation"]
[ECO "E32"]
[Time "16:00:30"]
[TimeControl "2700+45"]

1. d4 Nf6 2. c4 e6 3. Nc3 Bb4 4. Qc2 b6 5. a3 Bxc3+ 6. Qxc3 Ne4 7. Qc2 Bb7 8.
Nf3 f5 9. e3 d6 10. Bd3 Nd7 11. O-O Ndf6 12. Nd2 O-O 13. f3 Nxd2 14. Bxd2 e5 15.
Bxf5 exd4 16. exd4 d5 17. Be6+ Kh8 18. Bb4 Re8 19. Bf7 Re3 20. Qd2 Rb3 21. Rae1
Qd7 22. Re7 Qc6 23. Rc1 Qa4 24. Rxc7 Ba6 25. Qg5 h6 26. Qg6 Rxb4 27. axb4 Qb3
28. Bxd5 Qe3+ 29. Kf1 Qxc1+ 30. Kf2 Qxb2+ 31. Kg3 Ne8 32. Be4 Qxd4 33. Qh7#
{Black checkmated} 1-0

[Event "Team 45 45 League T50"]
[Site "Internet Chess Club"]
[Date "2011.08.20"]
[Round "2"]
[White "rayonline53"]
[Black "Gilguli"]
[Result "1-0"]
[WhiteElo "1603"]
[BlackElo "1394"]
[Opening "Sicilian: Smith-Morra gambit"]
[ECO "B21"]
[Time "17:09:33"]
[TimeControl "2700+45"]

1. e4 c5 2. d4 cxd4 3. c3 d3 4. Bxd3 Nc6 5. Nf3 d6 6. O-O g6 7. Be3 Bg7 8. Nbd2
Bg4 9. h3 Bd7 10. Nb3 e5 11. Qd2 Nge7 12. Bh6 O-O 13. Bxg7 Kxg7 14. Nh2 f5 15.
exf5 Bxf5 16. Bxf5 Nxf5 17. Rad1 Rf6 18. Ng4 Re6 19. Ne3 Nce7 20. Nd5 Nxd5 21.
Qxd5 Qe7 22. Rfe1 Rc8 23. Re4 Qf7 24. Nd4 Nxd4 25. cxd4 Rc2 26. f3 Rxb2 27. dxe5
Rxe5 28. Rxe5 dxe5 29. Qxe5+ Qf6 30. Rd7+ {Black resigns} 1-0

[Event "Team 45 45 League T50"]
[Site "Internet Chess Club"]
[Date "2011.08.20"]
[Round "2"]
[White "carokantor"]
[Black "ben622"]
[Result "1-0"]
[WhiteElo "1959"]
[BlackElo "1993"]
[Opening "Alekhine's defense: two pawns' (Lasker's) attack"]
[ECO "B02"]
[Time "20:00:24"]
[TimeControl "2700+45"]

1. e4 Nf6 2. e5 Nd5 3. c4 Nb6 4. c5 Nd5 5. Bc4 e6 6. d4 d6 7. cxd6 cxd6 8. Nf3
Nb6 9. Bd3 Nc6 10. O-O Be7 11. Nc3 O-O 12. Qe2 dxe5 13. dxe5 Nb4 14. Bb1 Bd7 15.
Rd1 N4d5 16. a4 Nxc3 17. bxc3 Qc7 18. a5 Nd5 19. Qd3 g6 20. c4 Nb4 21. Qxd7 Rfd8
22. Qa4 Qxc4 23. Re1 Rac8 24. Be3 Qc3 25. Be4 Qc4 26. Bxb7 Nc2 27. Bxc8 {Black
resigns} 1-0

[Event "Team 45 45 League T50"]
[Site "Internet Chess Club"]
[Date "2011.08.20"]
[Round "2"]
[White "universe"]
[Black "McKnights"]
[Result "1-0"]
[WhiteElo "2032"]
[BlackElo "1922"]
[Opening "Scandinavian defense"]
[ECO "B01"]
[Time "21:12:37"]
[TimeControl "2700+45"]

1. e4 d5 2. exd5 Nf6 3. Nf3 e6 4. Bb5+ Bd7 5. Bxd7+ Qxd7 6. dxe6 Qxe6+ 7. Qe2
Qxe2+ 8. Kxe2 Bd6 9. d3 O-O 10. Nc3 Nc6 11. Be3 a6 12. h3 Rfe8 13. Kd2 h6 14.
Rhe1 Rad8 15. Rad1 b5 16. a3 Ne7 17. Kc1 Ned5 18. Nxd5 Nxd5 19. Bd2 c5 20. Re4
f5 21. Rxe8+ Rxe8 22. Nh4 Re5 23. c4 Ne7 24. Bf4 Re6 25. Bxd6 Rxd6 26. Re1 Nc6
27. Nxf5 Rxd3 28. cxb5 axb5 29. Re8+ Kh7 30. Rc8 Na5 31. Rc7 Kg6 32. Kc2 c4 33.
Ne3 Rd8 34. Kc3 Nb3 35. a4 bxa4 36. Rc6+ Kh7 37. Rxc4 Ra8 38. Nf5 Ra5 39. g4 Ra7
40. f4 Nc1 41. Nd4 Na2+ 42. Kc2 Rb7 43. Nc6 Rc7 44. Kb1 Nb4 45. Rxb4 Rxc6 46.
Rxa4 Kg6 47. Ra3 h5 48. Rc3 Rb6 49. Kc2 hxg4 50. hxg4 Rb4 51. Rf3 Kf6 52. Kc3
Ra4 53. b3 Ra8 54. Re3 Rc8+ 55. Kb2 Rb8 56. Re4 g6 57. b4 Rb7 58. Kc3 Rb8 59.
Re5 Rc8+ 60. Rc5 Rb8 61. b5 Ke7 62. Kb4 Rf8 63. Rc4 Kd6 64. b6 Kd5 65. b7 Rb8
66. Rc7 Kd6 67. Rg7 Kc6 68. Rxg6+ Kxb7 69. f5 Kc7+ 70. Kc5 Rb1 71. Rg7+ Kd8 72.
f6 Ke8 73. g5 Kf8 74. g6 Rf1 75. Rf7+ Kg8 76. Kd6 Rf2 77. Kd7 Rg2 78. Rg7+ Kf8
79. Kd8 Rg1 80. Rf7+ Kg8 81. Ra7 Rxg6 82. Ke7 Rg1 83. f7+ Kh7 84. f8=Q Rg7+ 85.
Qxg7+ Kxg7 86. Ke6+ Kg6 87. Ra5 Kg7 88. Rf5 Kg6 89. Ke5 Kg7 90. Rf2 Kg6 91. Rf1
Kg7 92. Ke6 Kg6 93. Rg1+ Kh5 94. Kf5 Kh6 95. Rg2 Kh7 96. Kf6 Kh8 97. Kf7 Kh7 98.
Rh2# {Black checkmated} 1-0

[Event "Team 45 45 League T50"]
[Site "Internet Chess Club"]
[Date "2011.08.25"]
[Round "2"]
[White "TrevorSharpe"]
[Black "AreYouSerious"]
[Result "0-1"]
[WhiteElo "1574"]
[BlackElo "1989"]
[Opening "Old Indian defense"]
[ECO "A53"]
[Time "18:32:09"]
[TimeControl "2700+45"]

1. d4 Nf6 2. c4 d6 3. Nc3 b6 4. e4 Bb7 5. Bd3 e6 6. Nf3 Be7 7. O-O O-O 8. Qc2
Nc6 9. a3 e5 10. d5 Nb8 11. b4 Nbd7 12. Nd2 a6 13. Nb3 c6 14. f3 cxd5 15. Nxd5
Rc8 16. Qb2 Bxd5 17. cxd5 b5 18. Be3 Nh5 19. Rfc1 Nf4 20. Bf1 f5 21. Rxc8 Qxc8
22. Rc1 Qe8 23. Rc6 fxe4 24. fxe4 Qg6 25. Bxf4 Rxf4 26. Bd3 Bh4 27. Rc8+ Nf8 28.
Nd2 Bf2+ 29. Kh1 Bd4 30. Qc1 Rf2 31. g3 Qh5 32. h4 Qg4 33. Rxf8+ Rxf8 34. Nb3
Qh3# {White checkmated} 0-1

[Event "Team 45 45 League T50"]
[Site "Internet Chess Club"]
[Date "2011.08.20"]
[Round "2"]
[White "FlyingTiger"]
[Black "dstavila"]
[Result "1-0"]
[WhiteElo "1842"]
[BlackElo "1487"]
[Opening "French: Fort Knox variation"]
[ECO "C10"]
[Time "15:18:20"]
[TimeControl "2700+45"]

1. e4 e6 2. d4 d5 3. Nc3 dxe4 4. Nxe4 Bd7 5. Nf3 Bc6 6. Bd3 Nd7 7. O-O Ngf6 8.
Ng3 Be7 9. c4 O-O 10. b3 b6 11. Bb2 Bb7 12. Ne5 c5 13. Nxd7 Nxd7 14. Qc2 h6 15.
dxc5 Nxc5 16. Bh7+ Kh8 17. Rad1 Qc7 18. Nh5 f6 19. b4 Na4 20. Qxa4 Kxh7 21. Rd7
Qc6 22. Qxc6 Bxc6 23. Rxe7 Kg6 24. Rxe6 {Black resigns} 1-0

[Event "Team 45 45 League T50"]
[Site "Internet Chess Club"]
[Date "2011.08.21"]
[Round "2"]
[White "TerryMalloy"]
[Black "egyptiantiger"]
[Result "1/2-1/2"]
[WhiteElo "2024"]
[BlackElo "2129"]
[Opening "King's Indian: Four pawns attack, 6.Be2"]
[ECO "E77"]
[Time "16:12:50"]
[TimeControl "2700+45"]

1. d4 Nf6 2. c4 g6 3. Nc3 Bg7 4. e4 d6 5. Be2 O-O 6. f4 Na6 7. Nf3 e5 8. fxe5
dxe5 9. Nxe5 c5 10. Be3 cxd4 11. Bxd4 Nxe4 12. Nxe4 Qh4+ 13. Nf2 Rd8 14. Nf3 Qf4
15. Nd3 Qe4 16. Bxg7 Kxg7 17. O-O Qe3+ 18. Rf2 Nc5 19. Qc1 Rxd3 20. Bxd3 Qxc1+
21. Rxc1 Nxd3 22. Rd1 Nxf2 23. Kxf2 Be6 {Game drawn by mutual agreement} 1/2-1/2

[Event "Team 45 45 League T50"]
[Site "Internet Chess Club"]
[Date "2011.08.21"]
[Round "2"]
[White "CamLeslie"]
[Black "livis"]
[Result "0-1"]
[WhiteElo "1867"]
[BlackElo "1986"]
[Opening "Dutch defense, Rubinstein variation"]
[ECO "A96"]
[Time "15:00:17"]
[TimeControl "2700+45"]

1. d4 e6 2. c4 f5 3. Nc3 Nf6 4. Nf3 d6 5. g3 Be7 6. Bg2 O-O 7. O-O c6 8. Qc2 d5
9. b3 Nbd7 10. Na4 Ne4 11. Nb2 Bf6 12. Nd3 Qe7 13. Bf4 Ng5 14. Bxg5 Bxg5 15.
cxd5 exd5 16. Nfe5 Bf6 17. f4 Re8 18. e3 g6 19. Qc3 Qd6 20. Nxd7 Qxd7 21. Ne5
Qd6 22. b4 Be6 23. a4 Rac8 24. Rfc1 a6 25. Qc5 Qd8 26. Rab1 Be7 27. Qc3 Bd6 28.
Qb2 Qe7 29. Rc3 Kg7 30. b5 axb5 31. axb5 Bxe5 32. fxe5 c5 33. Rbc1 c4 34. Ra3
Ra8 35. Rca1 Rxa3 36. Rxa3 Rc8 37. Kf2 Qc7 38. Qb4 Rf8 39. Ke2 g5 40. Ra7 Qf7
41. Qd6 f4 42. Rxb7 Qxb7 43. Qxe6 Qa7 44. gxf4 gxf4 45. Qg4+ Kh8 46. Bxd5 Qa2+
47. Kf3 fxe3+ 48. Kxe3 Qf2+ 49. Ke4 Qc2+ 50. Ke3 Qd3# {White checkmated} 0-1

[Event "Team 45 45 League T50"]
[Site "Internet Chess Club"]
[Date "2011.08.20"]
[Round "2"]
[White "Saixua"]
[Black "Magagna"]
[Result "1-0"]
[WhiteElo "1890"]
[BlackElo "1871"]
[Opening "French: classical, Steinitz variation"]
[ECO "C14"]
[Time "20:16:19"]
[TimeControl "2700+45"]

1. e4 e6 2. d4 d5 3. Nc3 Nf6 4. Bg5 Be7 5. e5 Nfd7 6. Bxe7 Qxe7 7. f4 a6 8. Nf3
c5 9. dxc5 Nxc5 10. Bd3 Nc6 11. O-O b5 12. a3 Bb7 13. b4 Nd7 14. Qd2 Nb6 15. f5
O-O-O 16. Qf2 Qc7 17. fxe6 fxe6 18. Rae1 Rhf8 19. Bxb5 Na7 20. Bd3 d4 21. Ne4
Bxe4 22. Rxe4 Nb5 23. a4 Nc3 24. Bxa6+ Kb8 25. Rxd4 Rxd4 26. Qxd4 Nbxa4 27. Qd6
Qxd6 28. exd6 Ne4 29. Rd1 Nac3 30. Rd4 Ka7 31. Bd3 Nf6 32. Ne5 Nfd5 33. Rg4 g6
34. d7 Rd8 35. Nc6+ {Black resigns} 1-0

[Event "Team 45 45 League T50"]
[Site "Internet Chess Club"]
[Date "2011.08.20"]
[Round "2"]
[White "Chatica"]
[Black "jorobo"]
[Result "1-0"]
[WhiteElo "2194"]
[BlackElo "1970"]
[Opening "Pirc: bayonet (Mariotti) attack"]
[ECO "B07"]
[Time "23:02:20"]
[TimeControl "2700+45"]

1. e4 d6 2. d4 Nf6 3. Nc3 g6 4. Be2 Bg7 5. h4 h5 6. Nf3 Bg4 7. Ng5 Bxe2 8. Qxe2
Nc6 9. Be3 Ng4 10. O-O-O Qd7 11. Qc4 e5 12. d5 Nxe3 13. fxe3 Nd8 14. Nb5 O-O 15.
Rdf1 a6 16. Nc3 b5 17. Qe2 b4 18. Nd1 f6 19. Nh3 Nf7 20. Nhf2 Nh6 21. Rfg1 Ng4
22. Nxg4 Qxg4 23. Qxg4 hxg4 24. h5 f5 25. hxg6 f4 26. Rh4 g3 27. Kd2 Rf6 28. Rg4
Bh6 29. Ke2 Kg7 30. exf4 exf4 31. b3 Rxg6 32. Rxg6+ Kxg6 33. Nb2 a5 34. Nd3 Bg5
35. Rh1 Bh6 36. Kf3 Kg5 37. Nxf4 Rf8 38. Rh5+ {Black resigns} 1-0

[Event "Team 45 45 League T50"]
[Site "Internet Chess Club"]
[Date "2011.08.21"]
[Round "2"]
[White "cesaralexander"]
[Black "Gregorio"]
[Result "1-0"]
[WhiteElo "1913"]
[BlackElo "1904"]
[Opening "Nimzo-Indian: classical, 4...c5"]
[ECO "E38"]
[Time "22:07:11"]
[TimeControl "2700+45"]

1. d4 Nf6 2. c4 e6 3. Nc3 Bb4 4. Qc2 c5 5. dxc5 Bxc5 6. e3 O-O 7. Nf3 Nc6 8. a3
b6 9. Bd3 Bb7 10. Ng5 h6 11. h4 Ne5 12. Bh7+ Kh8 13. Be4 d5 14. cxd5 exd5 15. f4
Nxe4 16. Ncxe4 dxe4 17. fxe5 Be7 18. Qe2 Bxg5 19. hxg5 Qxg5 20. Rh5 Ba6 21. Rxg5
Bxe2 22. Rf5 Bd3 23. Bd2 Rae8 24. Bb4 Rg8 25. Rxf7 Rxe5 26. Rxa7 Rf5 27. O-O-O
Rc8+ 28. Bc3 Rf2 29. Rh1 Rc6 30. Rg1 Rg6 31. g4 Kh7 32. a4 h5 33. Rh1 Rxg4 34.
Rxh5+ Kg6 35. Rh1 Rf7 36. Rxf7 Kxf7 37. Bd4 Rg6 38. Kd2 Rg2+ 39. Kc3 g5 40. Rh6
g4 41. Rxb6 g3 42. Rf6+ Ke7 43. Rg6 Rc2+ 44. Kb4 g2 45. Ka5 Bc4 46. b4 Be6 47.
Be5 Bf5 48. Rg7+ Ke6 49. Bh2 Kf6 50. Rg8 Bg6 51. b5 Bf7 52. Rg3 Be8 53. Ka6 Rc8
54. Rxg2 Ra8+ 55. Kb7 Rxa4 56. b6 Rc4 57. Rb2 Ke6 58. Rd2 Rc3 59. Bf4 Bc6+ 60.
Kb8 Rd3 61. Rc2 Kd7 62. Ra2 Bd5 63. Ra7+ Kc6 64. b7 Kd7 65. Ra6 Bc6 66. Ka7 Rb3
67. b8=Q {Black resigns} 1-0

[Event "Team 45 45 League T50"]
[Site "Internet Chess Club"]
[Date "2011.08.19"]
[Round "2"]
[White "alexping"]
[Black "azbycx"]
[Result "1/2-1/2"]
[WhiteElo "1908"]
[BlackElo "1777"]
[Opening "Grünfeld: exchange variation"]
[ECO "D85"]
[Time "22:05:19"]
[TimeControl "2700+45"]

1. d4 Nf6 2. c4 g6 3. Nc3 d5 4. cxd5 Nxd5 5. e4 Nxc3 6. bxc3 Bg7 7. Be3 c5 8.
Qd2 O-O 9. Bc4 Qa5 10. Ne2 Rd8 11. Rd1 Nc6 12. Bd5 e6 13. Bxc6 bxc6 14. O-O Ba6
15. Rfe1 Bc4 16. Nc1 Rab8 17. Qc2 Qa3 18. dxc5 Qxc3 19. Qa4 Rd7 20. Ne2 Bxe2 21.
Rxe2 Rxd1+ 22. Qxd1 Qa1 23. Qxa1 Bxa1 24. g4 Rb2 25. Kf1 Rb4 26. Bh6 Bd4 27. Rd2
e5 28. Ke2 Rc4 29. f4 f6 30. fxe5 fxe5 31. Be3 Bxe3 32. Kxe3 Rxc5 33. Rd8+ Kg7
34. g5 Rc3+ 35. Ke2 Rc2+ 36. Kd3 Rxa2 37. h4 Ra3+ 38. Kd2 Rh3 39. Rd7+ Kg8 40.
Rd8+ Kf7 41. Rd7+ Ke6 42. Rxh7 a5 43. Rh6 Kf7 44. Rh7+ Kg8 45. Re7 Rxh4 46. Rxe5
a4 47. Ke3 a3 48. Ra5 Rg4 49. Kf3 Rg1 50. Rxa3 Rxg5 51. Rc3 c5 52. Kf4 Rh5 53.
e5 c4 54. Ke4 Kf7 55. Kd5 Rh4 56. Rg3 Rf4 57. e6+ Kf6 58. e7 Kxe7 59. Rxg6 Rf5+
{Game drawn by mutual agreement} 1/2-1/2

[Event "Team 45 45 League T50"]
[Site "Internet Chess Club"]
[Date "2011.08.23"]
[Round "2"]
[White "az2112"]
[Black "kabindra"]
[Result "0-1"]
[WhiteElo "1721"]
[BlackElo "1782"]
[Opening "Neo-Grünfeld, 6.O-O c6"]
[ECO "D78"]
[Time "10:16:38"]
[TimeControl "2700+45"]

1. d4 Nf6 2. Nf3 g6 3. g3 Bg7 4. Bg2 O-O 5. c4 c6 6. O-O d5 7. Qb3 Nbd7 8. cxd5
Nxd5 9. e4 N5f6 10. Nc3 Nb6 11. h3 Be6 12. Qc2 Qc8 13. Kh2 Nh5 14. b3 c5 15. d5
Bd7 16. Bb2 e5 17. dxe6 Bxe6 18. Nb5 Bxb2 19. Qxb2 Qc6 20. Qe2 a6 21. Nc3 Rad8
22. Rfd1 Qc7 23. e5 Rxd1 24. Rxd1 Rd8 25. Rxd8+ Qxd8 26. Ng5 Qd4 27. Nxe6 fxe6
28. Nd1 Nd5 29. f4 Ng7 30. Nf2 b5 31. Ne4 Nf5 32. Qc2 c4 33. Ng5 Nxf4 34. Nf3
Qd3 35. Qxd3 Nxd3 36. bxc4 bxc4 37. Bf1 Nb2 38. Nd2 c3 39. Nb3 a5 40. Bg2 a4 41.
Na1 Ne3 42. Be4 Nbc4 43. Nc2 Nxc2 44. Bxc2 Ne3 45. Bxa4 c2 46. Bxc2 Nxc2 47. a4
Kf7 48. Kg2 Ke7 49. Kf3 Kd7 50. Kg4 h6 51. h4 Kc6 52. Kf4 Kd5 53. g4 Nb4 54. g5
h5 {White resigns} 0-1

[Event "Team 45 45 League T50"]
[Site "Internet Chess Club"]
[Date "2011.08.24"]
[Round "2"]
[White "Geeloo"]
[Black "Meditator"]
[Result "1-0"]
[WhiteElo "2052"]
[BlackElo "2250"]
[Opening "Sicilian: Najdorf, Byrne (English) attack"]
[ECO "B85"]
[Time "11:01:52"]
[TimeControl "2700+45"]

1. e4 c5 2. Nf3 d6 3. d4 cxd4 4. Nxd4 Nf6 5. Nc3 a6 6. Be3 e6 7. Be2 Be7 8. O-O
O-O 9. f4 Nc6 10. Qd2 Qc7 11. Rad1 Bd7 12. Bf3 Rac8 13. Nb3 b5 14. Qf2 Qb8 15.
g4 a5 16. g5 Ne8 17. Qg3 b4 18. Ne2 Bd8 19. Rd2 a4 20. Nbd4 Bb6 21. Qf2 Na5 22.
b3 f6 23. Bg4 Nc7 24. Nf3 Bxe3 25. Qxe3 f5 26. exf5 exf5 27. Bh3 Bb5 28. Qd4
Rce8 29. Rf2 Ne6 30. Qd5 Kh8 31. Nfd4 Nc5 32. Bxf5 Ba6 33. Qf3 g6 34. Bd3 Bxd3
35. cxd3 axb3 36. axb3 Naxb3 37. Nxb3 Nxb3 38. Rb2 Nc5 39. Qd5 b3 40. Qd4+ Kg8
41. Qd5+ Rf7 42. d4 Ne4 43. Rxb3 Qa7 44. Re3 Qb8 45. Rf1 Nd2 46. Rxe8+ Qxe8 47.
Rf2 Qe3 48. Ng3 Kg7 49. f5 Nb3 50. f6+ Kg8 51. Qxd6 Nxd4 52. Qd8+ Rf8 53. f7+
Kg7 {Black resigns} 1-0

[Event "Team 45 45 League T50"]
[Site "Internet Chess Club"]
[Date "2011.08.20"]
[Round "2"]
[White "Sensei"]
[Black "perikitosax"]
[Result "1-0"]
[WhiteElo "2298"]
[BlackElo "2038"]
[Opening "QGD: Tarrasch, Prague variation, Normal position"]
[ECO "E10"]
[Time "12:22:02"]
[TimeControl "2700+45"]

1. d4 Nf6 2. c4 e6 3. Nf3 d5 4. g3 c5 5. cxd5 exd5 6. Bg2 Nc6 7. O-O Be7 8. Nc3
O-O 9. dxc5 d4 10. Na4 Bf5 11. Bf4 Be4 12. Rc1 Qd5 13. Qb3 Qxb3 14. axb3 Rad8
15. Rfd1 Rd5 16. Rc4 Rfd8 17. b4 h6 18. Ne1 g5 19. Bc1 Ne5 20. Bxe4 Nxe4 21. Rc2
d3 22. Nxd3 Nxd3 23. Rxd3 Rxd3 24. exd3 Nf6 25. Rc3 Nd5 26. Rb3 b6 27. Be3 f5
28. cxb6 axb6 29. Nxb6 Nxb6 30. Bxb6 Rb8 31. Bc7 Rb5 32. Kf1 Kf7 33. Ke2 Ke6 34.
Ba5 Bf6 35. Kd2 Kd5 36. Rc3 Bxc3+ 37. bxc3 Rb7 38. c4+ Kd6 39. Kc3 f4 40. b5
fxg3 41. hxg3 Rf7 42. Bb6 h5 43. Bd8 Rxf2 44. Bxg5 Rf3 45. Bh4 Kc5 46. Be7+ Kb6
47. Bd6 Rf6 48. Be5 Rg6 49. Kb4 Rg4 50. d4 Re4 51. c5+ Ka7 52. Kc4 h4 53. gxh4
Rxh4 54. Kd5 Kb7 55. c6+ Kb6 56. c7 Kb7 57. Kd6 Kc8 58. d5 Rh6+ 59. Ke7 Rh7+ 60.
Ke6 Rh6+ 61. Bf6 Rh1 62. d6 Rd1 63. Be5 Rd3 64. b6 {Black resigns} 1-0

[Event "Team 45 45 League T50"]
[Site "Internet Chess Club"]
[Date "2011.08.23"]
[Round "2"]
[White "bogolijubov"]
[Black "robertoalvarez"]
[Result "1/2-1/2"]
[WhiteElo "1779"]
[BlackElo "1997"]
[Opening "French: advance, Milner-Barry gambit"]
[ECO "C02"]
[Time "15:23:32"]
[TimeControl "2700+45"]

1. e4 e6 2. d4 d5 3. e5 c5 4. c3 Qb6 5. Nf3 Nc6 6. Bd3 cxd4 7. cxd4 Bd7 8. O-O
Nxd4 9. Nbd2 Nxf3+ 10. Nxf3 Bb5 11. Be3 Qa6 12. Bxb5+ Qxb5 13. Rc1 Qd7 14. Qe2
Ne7 15. Rc2 Nc6 16. Rfc1 Be7 17. Nd4 {Game drawn by mutual agreement} 1/2-1/2

[Event "Team 45 45 League T50"]
[Site "Internet Chess Club"]
[Date "2011.08.19"]
[Round "2"]
[White "crag"]
[Black "spunni"]
[Result "0-1"]
[WhiteElo "1726"]
[BlackElo "1895"]
[Opening "Scotch: Mieses variation"]
[ECO "C45"]
[Time "11:30:08"]
[TimeControl "2700+45"]

1. e4 e5 2. Nf3 Nc6 3. d4 exd4 4. Nxd4 Nf6 5. Nxc6 bxc6 6. e5 Qe7 7. Qe2 Nd5 8.
c4 Nb6 9. Nd2 Qe6 10. b3 a5 11. Bb2 a4 12. Qe3 Bb4 13. g3 O-O 14. Bg2 axb3 15.
axb3 Rxa1+ 16. Bxa1 d6 17. Bxc6 Nxc4 18. bxc4 Qxc4 19. Be4 Qc1+ 20. Ke2 Ba6+ 21.
Bd3 Bxd3+ 22. Qxd3 Qxh1 23. exd6 Qxa1 24. dxc7 Qb2 {White resigns} 0-1